 Dungeon Crawl Stone Soup version 0.23-a0-241-g3b46b07 (webtiles) character file.

524 Day the Chopper (level 7, -6/37 HPs)
             Began as a Vine Stalker Monk on Sept 27, 2018.
             Shot with an arrow by a centaur (7 damage)
             ... on level 4 of the Dungeon.
             The game lasted 00:04:39 (3493 turns).

Day the Chopper (Vine Stalker Monk)                 Turns: 3493, Time: 00:04:40

Health: -6/37      AC:  7    Str: 15    XL:     7   Next: 22%
Magic:  0/8        EV: 12    Int: 10    God:
Gold:   200        SH:  0    Dex: 17    Spells: 6/6 levels left

rFire    . . .     SeeInvis +   a - +0 hand axe
rCold    + . .     Gourm    .   (no shield)
rNeg     . . .     Faith    .   w - +0 leather armour {MR+}
rPois    .         Spirit   +   l - +0 helmet
rElec    .         Reflect  .   (no cloak)
rCorr    .         Harm     +   (no gloves)
MR       +....                  y - +0 pair of boots
Stlth    ++........             d - amulet of harm
HPRegen  0.52/turn              e - ring of see invisible
MPRegen  0.11/turn              (no ring)

@: no status effects
A: fangs 2, talons 1, thin metallic scales 1, cold resistance 1, regeneration 1,
magic shield, antimagic bite, no potion heal 3, rot immunity
a: no special abilities


You were on level 4 of the Dungeon.
You were not hungry.

You visited 1 branch of the dungeon, and saw 4 of its levels.

You collected 200 gold pieces.

Inventory:

Hand Weapons
 a - a +0 hand axe (weapon)
Armour
 h - a +2 animal skin
 l - a +0 helmet (worn)
 n - a +0 pair of boots
 w - a +0 leather armour of magic resistance (worn)
 y - a +0 pair of boots (worn)
Jewellery
 d - an amulet of harm (around neck)
 e - a ring of see invisible (left hand)
Wands
 q - a wand of iceblast (5)
Scrolls
 f - a scroll of noise {unknown}
 g - 4 scrolls of identify {unknown}
 m - 3 scrolls of remove curse {unknown}
 p - a scroll of random uselessness {unknown}
 r - 2 scrolls of fog {unknown}
 s - a scroll of enchant weapon {unknown}
 t - 2 scrolls of magic mapping {unknown}
 x - a scroll of immolation {unknown}
Potions
 b - 2 potions of might {unknown}
 i - a potion of lignification {unknown}
 j - a potion of brilliance {unknown}
 k - 2 potions of curing {unknown}
 o - a potion of ambrosia {unknown}
 u - 2 potions of degeneration {unknown}
Comestibles
 c - 5 rations
 v - a chunk of flesh


   Skills:
 + Level 3.9 Fighting
 * Level 6.7 Axes
 - Level 2.4 Dodging
 - Level 2.4 Stealth


You had 6 spell levels left.
You didn't know any spells.
Your spell library was empty.

Dungeon Overview and Level Annotations

Branches:
Dungeon (4/15)
 Temple: D:4-7

Altars:
Elyvilon
Nemelex Xobeh


Innate Abilities, Weirdness & Mutations

You have extremely sharp teeth.
Your natural rate of healing is unusually fast.
When hurt, damage is shared between your health and your magic reserves.
Your bite disrupts and absorbs the magic of your enemies.
Potions cannot restore your health.
You are immune to rotting.
You have sharp toenails.
You are partially covered in thin metallic scales. (AC +2)
Your flesh is cold resistant. (rC+)


Message History

An orc comes into view. It is wielding a morningstar.
An orc is nearby!
A centaur comes into view.
There are monsters nearby!
The orc shouts!
The centaur wields a shortbow.
The centaur shoots an arrow.
The arrow barely misses you. The orc closely misses you.
You hit the orc but do no damage.
The centaur shoots an arrow.
The arrow hits you! The orc hits you with a morningstar!
You are too injured to fight recklessly!
You are too injured to fight recklessly!
You are too injured to fight recklessly!
You are too injured to fight recklessly!
The centaur shoots an arrow.
The arrow hits you!
* * * LOW HITPOINT WARNING * * *
The centaur shoots an arrow.
The arrow hits you!
* * * LOW HITPOINT WARNING * * *
You see here 2 arrows.
The centaur shoots an arrow.
The arrow hits you!
You die...

#.......### ####
#..###....###
##...### ..##
###....###.......
.##
###......$...# .
##.........#
#.........#
#....[....##
#..(......c#
#..$..@....#
#....(.....#
#...(o.....#
##.(.....###
#########


You could see a centaur and an orc.

Vanquished Creatures
  Sigmund (D:2)
  A black bear (D:3)
  The ghost of Tarl the Twirler, an amateur GrGl of Okawaru (D:3)
  Ijyb (D:3)
  A worker ant (D:3)
  Robin (D:2)
  3 adders (D:2)
  2 worms
  4 dart slugs
  A leopard gecko (D:3)
  4 orcs (D:3)
  2 ball pythons
  5 giant cockroaches
  12 hobgoblins
  16 jackals
  A quokka (D:4)
  5 bats
  4 frilled lizards
  19 goblins
  4 kobolds
  5 rats
93 creatures vanquished.

Notes
Turn   | Place    | Note
-------+----------+-------------------------------------------
     0 | D:1      | Day the Vine Stalker Monk began the quest for the Orb.
     0 | D:1      | Reached XP level 1. HP: 11/11 MP: 2/2
    25 | D:1      | Reached skill level 3 in Axes
   162 | D:1      | Reached XP level 2. HP: 16/16 MP: 3/3
   786 | D:1      | Reached XP level 3. HP: 20/20 MP: 4/4
  1209 | D:2      | Found a white marble altar of Elyvilon.
  1216 | D:2      | Noticed Sigmund
  1223 | D:2      | HP: 1/20 [something (7)]
  1249 | D:2      | HP: 1/20 [hobgoblin/club (1)]
  1710 | D:2      | Killed Sigmund
  1710 | D:2      | Reached skill level 5 in Axes
  1710 | D:2      | Gained mutation: Your natural rate of healing is unusually
                  | fast. [Vine Stalker growth]
  1710 | D:2      | Reached XP level 4. HP: 9/24 MP: 2/5
  1710 | D:2      | Reached XP level 5. HP: 11/28 MP: 2/6
  1943 | D:2      | Noticed Robin
  1967 | D:2      | Reached XP level 6. HP: 17/32 MP: 5/7
  2026 | D:2      | HP: 1/32 [Robin/enchanted dagger (2)]
  2029 | D:2      | Gained mutation: You are partially covered in thin metallic
                  | scales. (AC +2) [potion of mutation]
  2029 | D:2      | Gained mutation: You have sharp toenails. [potion of
                  | mutation]
  2029 | D:2      | Gained mutation: Your flesh is cold resistant. (rC+)
                  | [potion of mutation]
  2096 | D:2      | Killed Robin
  2246 | D:2      | Found a sparkling altar of Nemelex Xobeh.
  2946 | D:3      | Noticed Ijyb
  2949 | D:3      | Noticed a black bear
  2990 | D:3      | Killed a black bear
  2990 | D:3      | Reached skill level 6 in Axes
  3016 | D:3      | Killed Ijyb
  3081 | D:3      | Found a runed door.
  3081 | D:3      | Noticed Tarl's ghost (amateur GrGl)
  3116 | D:3      | Reached XP level 7. HP: 31/37 MP: 6/8
  3369 | D:3      | Killed Tarl's ghost
  3492 | D:4      | HP: 1/37 [centaur/arrow (8)]
  3493 | D:4      | Shot with an arrow by a centaur

Vault maps used:
D:1:      ncdulo_halloftheorcs, serial_bayou_ford_a, supply_closet_lemuel,
          hex_tiny
D:2:      elyvilon_altar_5, nemelex_lonely_heart_becter, uniq_robin,
          uniq_sigmund
D:3:      hellmonk_ghost_happy_afterlife, uniq_ijyb
D:4:      bloody_makhleb, nicolae_overflow_hidden_temple, temple_doors_e,
          first_ration, minmay_misc_feat_chi

Skill      XL: |  1  2  3  4  5  6 |
---------------+-------------------+-----
Axes           | 3 5 6 |  6.7
Fighting       | 3 |  3.9
Dodging        | |  2.4
Stealth        | |  2.4

Action                   |  1- 3 |  4- 6 |  7- 9 || total
-------------------------+-------+-------+-------++-------
Melee: Hand axe          |    88 |   203 |    31 ||   322
       Bite              |    25 |    56 |     6 ||    87
Evoke: Wand              |       |       |     3 ||     3
  Use: Potion            |     1 |     1 |       ||     2
 Stab: Sleeping          |     4 |     2 |       ||     6
       Distracted        |     1 |     1 |       ||     2
  Eat: Ration            |     1 |       |       ||     1
       Chunk             |       |     4 |     1 ||     5
Armor: Robe              |    13 |     8 |       ||    21
       Animal skin       |       |    45 |       ||    45
       Leather armour    |       |     8 |    13 ||    21
Dodge: Dodged            |    56 |   142 |    19 ||   217

Table legend:
 A = Non-vault XP
 B = Vault XP
 C = Vault XP percentage of total XP
 D = Non-vault monster count
 E = Vault monster count
 F = Vault count percentage of total count
                 A         B        C        D         E       F
            +---------+---------+-------+---------+---------+-------
      Total |     347 |     402 |  53.7 |      77 |      16 |  17.2
            +---------+---------+-------+---------+---------+-------
        D:1 |      45 |       0 |   0.0 |      24 |       0 |   0.0
        D:2 |      77 |     265 |  77.5 |      20 |      14 |  41.2
        D:3 |     223 |     137 |  38.1 |      32 |       2 |   5.9
        D:4 |       2 |       0 |   0.0 |       1 |       0 |   0.0
            +---------+---------+-------+---------+---------+-------
